 Dungeon Crawl Stone Soup version 0.23-a0-831-g5da158a (webtiles) character file.

30 Fliddo the Firebug (level 3, -4/26 HPs)
             Began as a Hill Orc Fire Elementalist on Jan 23, 2019.
             Slain by a gnoll (8 damage)
             ... on level 1 of the Dungeon.
             The game lasted 00:12:11 (1329 turns).

Fliddo the Firebug (Hill Orc Fire Elementalist)     Turns: 1329, Time: 00:12:11

Health: -4/26      AC:  3    Str: 10    XL:     3   Next: 20%
Magic:  3/5        EV: 11    Int: 16    God:
Gold:   0          SH:  0    Dex: 11    Spells: 4/5 levels left

rFire    . . .     SeeInvis .   g - +0 short sword
rCold    . . .     Gourm    .   (no shield)
rNeg     . . .     Faith    .   n - +0 leather armour
rPois    .         Spirit   .   (no helmet)
rElec    .         Reflect  .   (no cloak)
rCorr    .         Harm     .   (no gloves)
MR       .....                  (no boots)
Stlth    +.........             (no amulet)
HPRegen  0.08/turn              (no ring)
MPRegen  0.09/turn              (no ring)

@: no status effects
A: no striking features
a: no special abilities


You were on level 1 of the Dungeon.
You were not hungry.

You visited 1 branch of the dungeon, and saw 2 of its levels.

Inventory:

Hand Weapons
 g - a +0 short sword (weapon)
Missiles
 f - 70 stones (quivered)
Armour
 n - a +0 leather armour (worn)
Jewellery
 b - an uncursed amulet of faith
 l - an uncursed ring of see invisible {unknown}
Scrolls
 d - a scroll of identify
 e - a scroll of magic mapping {unknown}
 h - a scroll of blinking {unknown}
 j - a scroll of remove curse {unknown}
Potions
 k - a potion of brilliance
 m - a potion of haste {unknown}
Comestibles
 a - a chunk of flesh


   Skills:
 - Level 1.5 Dodging
 - Level 1.5 Stealth
 - Level 1.5 Spellcasting
 + Level 3.0 Conjurations
 - Level 3.2 Fire Magic


You had 4 spell levels left.
You knew the following spells:

 Your Spells              Type           Power        Failure   Level  Hunger
a - Flame Tongue          Conj/Fire      ##...        9%          1    ##.....

Your spell library contained the following spells:

 Spells                   Type           Power        Failure   Level  Hunger
 Throw Flame              Conj/Fire      ##....       12%         2    ###....
 Conjure Flame            Conj/Fire      ##......     24%         3    ####...
 Inner Flame              Hex/Fire       #.......     41%         3    ####...
 Sticky Flame             Conj/Fire      ##......     63%         4    #####..
 Fireball                 Conj/Fire      ##........   92%         5    ######.


Dungeon Overview and Level Annotations

Branches:
Dungeon (2/15)

Altars:
Okawaru


Message History

Aim: a gnoll The flame tongue hits the gnoll.
The gnoll is moderately wounded.
The jackal misses you. The gnoll hits you.
Casting: Flame Tongue (safe; 9% risk of failure)
Confirm with . or Enter, or press ? or * to list all spells.
Aiming: Flame Tongue (safe; 9% risk of failure)
Press: ? - help, Shift-Dir - straight line, f/p - gnoll
Aim: a gnoll (moderately wounded)
The flame tongue hits the gnoll.
The gnoll is heavily wounded.
The jackal bites you but does no damage.
The gnoll hits you.
* * * LOW HITPOINT WARNING * * *
The jackal barely misses you.
As you read the scroll labeled GIK EMPUTAUL, it crumbles to dust.
It is a scroll of identify.
k - a potion of brilliance The jackal closely misses you.
The gnoll hits you!
You die...

####.###...##
######...........#
..........###.#..#
######.#######.#.#
#..)........##.#
#.##÷######.##.#
###.##.### #.##.#
.........# #.##g#
###.##.#.# #.##@#
#.##.#.# #.##h#
###.##.#.# #.##.#
......÷#.####.##.#
###...........##.#
.................#
########.##.######
# #..##.# #
#.###.#


You could see a gnoll and a jackal.

Vanquished Creatures
  A gnoll (D:1)
  2 goblins
  4 hobgoblins
  3 jackals (D:1)
  2 kobolds (D:1)
  A ball python (D:2)
  3 bats
  3 rats (D:1)
19 creatures vanquished.

Notes
Turn   | Place    | Note
-------+----------+-------------------------------------------
     0 | D:1      | Fliddo the Hill Orc Fire Elementalist began the quest for
                  | the Orb.
     0 | D:1      | Reached XP level 1. HP: 14/14 MP: 3/3
   566 | D:1      | Reached XP level 2. HP: 20/20 MP: 1/4
   979 | D:1      | Reached XP level 3. HP: 4/26 MP: 0/5
  1245 | D:2      | Found an iron altar of Okawaru.
  1329 | D:1      | Slain by a gnoll

Vault maps used:
D:1:      minmay_arrival_wavy_path
D:2:      okawaru_trees_2, marbit_many_paths, uniq_crazy_yiuf_cottage,
          uniq_terence

Skill      XL: |  1  2  3 |
---------------+----------+-----
Conjurations   | 2 3 |  3.0
Dodging        | |  1.5
Stealth        | |  1.5
Spellcasting   | |  1.5
Fire Magic     | |  3.2

Action                   || total
-------------------------++-------
Melee: Unarmed           ||     1
       Short sword       ||    14
Throw: Stone             ||    27
 Cast: Flame Tongue      ||    34
  Use: Scroll            ||     1
  Eat: Chunk             ||     1
       Ration            ||     1
Armor: Robe              ||     3
       Leather armour    ||     1
Dodge: Dodged            ||    22

Table legend:
 A = Non-vault XP
 B = Vault XP
 C = Vault XP percentage of total XP
 D = Non-vault monster count
 E = Vault monster count
 F = Vault count percentage of total count
                 A         B        C        D         E       F
            +---------+---------+-------+---------+---------+-------
      Total |      44 |       0 |   0.0 |      19 |       0 |   0.0
            +---------+---------+-------+---------+---------+-------
        D:1 |      38 |       0 |   0.0 |      15 |       0 |   0.0
        D:2 |       6 |       0 |   0.0 |       4 |       0 |   0.0
            +---------+---------+-------+---------+---------+-------
